Sabres vs Canadiens

Created - 19 novembre 2017 at 18:04

Goals
1 2 3 T
Sabres 0 1 0 1
Canadiens 0 1 1 2
Shots
1 2 3 T
Sabres 10 10 6 26
Canadiens 16 20 9 45

1st period

No Goal

Penalties :
Nino Niederreiter (BUF) for High sticking (Minor) at 15:08

2nd period

1. Canadiens , Jordan Eberle 8 (Cam Fowler 17, Adam Larsson 4) at 5:05
2. Sabres , Mathew Dumba 2 (Kyle Turris 16, Nino Niederreiter 11) at 7:08

Penalties :
Jake McCabe (BUF) for Holding (Minor) at 9:32, Auston Matthews (MTL) for High sticking (Minor) at 9:47

3rd period

3. Canadiens , Josh Bailey 1 (Zack Smith 7, Adam Larsson 5) at 16:54 (SH)

Penalties :
Cody Franson (BUF) for Hooking (Minor) at 7:50, Nino Niederreiter (BUF) for Hooking (Minor) at 10:45, Mathew Dumba (BUF) for Tripping (Minor) at 13:57, Artturi Lehkonen (MTL) for Goalie Interference (Minor) at 16:30

Goalie Stats

Thomas Greiss (BUF), 43 saves from 45 shots - (0.956), L, 10-7-2, 59:24 minutes
Cam Talbot (MTL), 25 saves from 26 shots - (0.962), W, 13-4-2, 60:00 minutes

Players Stats for Sabres

Player Name              G  A  P  +/- PIM S  H  SB GA TA FO     MP     PP MP  PK MP  
------------------------------------------------------------------------------------
Adam Pelech              0  0  0   0  0   0  0  1  0  0  0/0    15:29   0:00   0:56 
Anders Lee               0  0  0   0  0   1  2  0  0  0  0/1    15:37   0:40   0:34 
Bo Horvat                0  0  0   0  0   2  2  0  0  0  14/33  20:54   0:40   5:29 
Brandon Saad             0  0  0   0  0   3  2  1  0  0  1/4    20:38   1:23   1:41 
Brett Connolly           0  0  0   0  0   3  0  0  0  0  0/0     6:02   0:00   0:00 
Cody Franson             0  0  0   0  2   0  1  2  0  0  0/0    15:19   0:00   0:47 
Dan Girardi              0  0  0  -1  0   0  1  1  0  0  0/0    23:03   0:40   4:03 
Hunter Shinkaruk         0  0  0   0  0   0  0  0  0  0  1/1     6:02   0:00   0:00 
Jake McCabe              0  0  0   0  2   0  0  1  0  0  0/0    21:27   1:34   3:50 
Jason Zucker             0  0  0  -1  0   3  1  0  0  0  0/0    16:08   0:00   4:32 
Kyle Turris              0  1  1   0  0   5  0  0  0  0  17/27  18:15   1:34   0:10 
Mathew Dumba             1  0  1   0  2   2  3  1  0  0  0/0    21:08   1:34   2:53 
Nino Niederreiter        0  1  1   0  4   2  0  0  0  0  0/1    18:03   1:34   0:00 
Patrick Eaves            0  0  0  -1  0   0  1  0  0  0  0/0    12:16   0:40   0:00 
Ryan Nugent-Hopkins      0  0  0  -1  0   0  1  0  0  0  5/14   14:15   0:00   1:58 
Thomas Vanek             0  0  0   0  0   1  0  0  0  0  0/1    13:53   0:11   0:00 
Tyler Myers              0  0  0  -1  0   2  4  2  0  0  0/0    23:31   0:40   3:53 
Zach Hyman               0  0  0   0  0   2  0  0  0  0  0/6     8:00   0:00   1:58 

Players Stats for Canadiens

Player Name              G  A  P  +/- PIM S  H  SB GA TA FO     MP     PP MP  PK MP  
------------------------------------------------------------------------------------
Adam Larsson             0  2  2   2  0   0  2  1  0  0  0/0    23:54   3:43   1:10 
Artturi Lehkonen         0  0  0   0  2   1  2  0  0  0  0/0    10:30   0:00   0:00 
Auston Matthews          0  0  0   1  2   9  2  1  0  0  14/21  20:32   4:34   0:00 
Cam Fowler               0  1  1   2  0   2  0  0  0  0  0/0    23:35   4:23   1:21 
Gustav Nyquist           0  0  0  -1  0   1  2  0  0  0  1/5    20:54   4:35   0:00 
Ian Cole                 0  0  0  -1  0   0  1  0  0  0  0/0    19:25   0:05   1:04 
Ivan Provorov            0  0  0  -1  0   3  2  2  0  0  0/0    24:08   4:23   0:53 
Jakob Silfverberg        0  0  0   1  0   6  1  0  0  0  0/0    19:39   3:36   0:05 
John Tavares             0  0  0  -1  0   8  3  1  0  0  17/25  21:21   4:35   0:00 
Jordan Eberle            1  0  1   1  0   3  2  0  0  0  1/3    20:08   3:36   0:00 
Josh Bailey              1  0  1   1  0   3  0  1  0  0  0/0    11:57   0:00   1:26 
Josh Morrissey           0  0  0   0  0   1  1  1  0  0  0/0    16:06   3:48   0:00 
Justin Abdelkader        0  0  0   0  0   2  0  0  0  0  0/0     6:53   0:00   0:48 
Mike Ribeiro             0  0  0   0  0   0  1  0  0  0  10/19  14:22   3:36   0:00 
Nate Schmidt             0  0  0   0  0   0  1  3  0  0  0/0    12:52   0:00   0:00 
Nick Shore               0  0  0   0  0   1  0  0  0  0  5/10    6:56   0:00   0:43 
Teuvo Teravainen         0  0  0  -1  0   2  1  0  0  0  1/1    15:09   0:00   0:00 
Zack Smith               0  1  1   1  0   3  1  0  0  0  1/4     7:39   0:00   1:26 

3 Stars

1 - Thomas Greiss (BUF)
2 - Adam Larsson (MTL)
3 - Cam Talbot (MTL)

Power Play

Sabres - 0 on 2 Attempt(s) - 0.00%
Canadiens - 0 on 5 Attempt(s) - 0.00%

Penalty Kill

Sabres - 5 on 5 Attempt(s) - 100.00% - Score 0 goal in Penalty Kill
Canadiens - 2 on 2 Attempt(s) - 100.00% - Score 1 goal in Penalty Kill

Team Stat

Sabres - Hits : 18 - Faceoff Wins : 38 - Blocked Shots : 9 - Penalty Minutes : 10
Canadiens - Hits : 22 - Faceoff Wins : 50 - Blocked Shots : 10 - Penalty Minutes : 4

Official

Referees : Evgeny Romasko and Kendrick Nicholson
Linesman : Brian Murphy and Jay Sharrers

Game Notes

No Game Note

Finance

Level 1 -- Attendance: 6195 (95.31%) -- Ticket Income 681 450 $
Level 2 -- Attendance: 4376 (87.52%) -- Ticket Income 328 200 $
Level 3 -- Attendance: 3437 (98.20%) -- Ticket Income 189 035 $
Level 4 -- Attendance: 2429 (45.94%) -- Ticket Income 85 015 $
Luxury Box -- Attendance: 911 (91.10%) -- Ticket Income 181 289 $
Game was played at the Bell Centre.
Total Attendance: 17348 (81.50%)
Total Ticket Income: 1 464 989 $
Other Income: 219 748 $
Total Income: 1 684 737 $

% Time on Ice - Sabres

Lines # - Real PCT - Wanted PCT - Time Play
Normal Forward
1 - 34% - 40% - 16:12
2 - 29% - 30% - 13:42
3 - 24% - 25% - 11:36
4 - 13% - 5% - 6:02
Normal Defense
1 - 35% - 40% - 16:33
2 - 34% - 30% - 16:23
3 - 29% - 20% - 13:58
4 - 1% - 10% - 0:38
PP Forward
1 - 70% - 60% - 1:34
2 - 30% - 40% - 0:40
PP Defense
1 - 30% - 60% - 0:40
2 - 70% - 40% - 1:34
PK Forward
1 - 76% - 60% - 6:13
2 - 24% - 40% - 1:58
PK Defense
1 - 44% - 60% - 3:37
2 - 56% - 40% - 4:34
PK3 Forward
1 - 0% - 60%
2 - 0% - 40%
PK3 Defense
1 - 0% - 60%
2 - 0% - 40%
44 Forward
1 - 61% - 60% - 1:03
2 - 39% - 40% - 0:41
44 Defense
1 - 66% - 60% - 1:09
2 - 34% - 40% - 0:35
Last Minute Offensive  - 0:19
Last Minute Defensive  - 0:00
Total
Forward - 60:00
Defense - 60:00

% Time on Ice - Canadiens

Lines # - Real PCT - Wanted PCT - Time Play
Normal Forward
1 - 32% - 35% - 15:09
2 - 33% - 35% - 15:58
3 - 22% - 20% - 10:31
4 - 13% - 10% - 6:05
Normal Defense
1 - 36% - 35% - 17:17
2 - 27% - 30% - 12:52
3 - 26% - 20% - 12:18
4 - 11% - 15% - 5:16
PP Forward
1 - 56% - 60% - 4:35
2 - 44% - 40% - 3:36
PP Defense
1 - 54% - 50% - 4:23
2 - 46% - 50% - 3:48
PK Forward
1 - 68% - 55% - 1:31
2 - 32% - 45% - 0:43
PK Defense
1 - 60% - 60% - 1:21
2 - 40% - 40% - 0:53
PK3 Forward
1 - 0% - 60%
2 - 0% - 40%
PK3 Defense
1 - 0% - 60%
2 - 0% - 40%
44 Forward
1 - 33% - 50% - 0:34
2 - 67% - 50% - 1:10
44 Defense
1 - 67% - 50% - 1:10
2 - 33% - 50% - 0:34
Last Minute Offensive  - 0:00
Last Minute Defensive  - 0:08
Total
Forward - 60:00
Defense - 60:00

Play by Play

1st period


0:01 of 1st period - John Tavares wins face-off versus Kyle Turris in neutral zone.
0:07 of 1st period - Teuvo Teravainen is hit by Dan Girardi and loses puck.
0:26 of 1st period - Shot by Nino Niederreiter.
0:26 of 1st period - Shot Misses the Net.
0:28 of 1st period - Shot by Dan Girardi.
0:28 of 1st period - Shot Blocked by Adam Larsson.
0:30 of 1st period - Shot by Dan Girardi.
0:30 of 1st period - Shot Misses the Net.
0:32 of 1st period - Shot by Nino Niederreiter.
0:32 of 1st period - Shot Misses the Net.
0:34 of 1st period - Shot by Tyler Myers.
0:34 of 1st period - Stopped by Cam Talbot without a rebound.
0:35 of 1st period - Auston Matthews wins face-off versus Anders Lee in Canadiens zone.
0:52 of 1st period - Jordan Eberle is hit by Anders Lee and loses puck.
1:33 of 1st period - Icing by Cody Franson.
1:34 of 1st period - Mike Ribeiro wins face-off versus Ryan Nugent-Hopkins in Sabres zone.
2:28 of 1st period - Icing by Nate Schmidt.
2:29 of 1st period - Mike Ribeiro wins face-off versus Zach Hyman in Canadiens zone.
2:40 of 1st period - Icing by Mike Ribeiro.
2:41 of 1st period - Mike Ribeiro wins face-off versus Kyle Turris in Canadiens zone.
3:11 of 1st period - Teuvo Teravainen is hit by Tyler Myers and loses puck.
3:18 of 1st period - Shot by Teuvo Teravainen.
3:18 of 1st period - Stopped by Thomas Greiss without a rebound.
3:19 of 1st period - Bo Horvat wins face-off versus Nick Shore in Sabres zone.
3:37 of 1st period - Icing by Ivan Provorov.
3:38 of 1st period - Zack Smith wins face-off versus Ryan Nugent-Hopkins in Canadiens zone.
4:06 of 1st period - Off-side.
4:07 of 1st period - Bo Horvat wins face-off versus Auston Matthews in neutral zone.
4:15 of 1st period - Shot by Thomas Vanek.
4:15 of 1st period - Stopped by Cam Talbot without a rebound.
4:16 of 1st period - Kyle Turris wins face-off versus John Tavares in Canadiens zone.
4:16 of 1st period - Kyle Turris is hit by Adam Larsson.
4:30 of 1st period - Icing by Cam Fowler.
4:31 of 1st period - Bo Horvat wins face-off versus Gustav Nyquist in Canadiens zone.
4:54 of 1st period - Shot by Gustav Nyquist.
4:54 of 1st period - Shot Blocked by Jake McCabe.
5:43 of 1st period - Shot by Nino Niederreiter.
5:43 of 1st period - Stopped by Cam Talbot without a rebound.
5:44 of 1st period - Mike Ribeiro wins face-off versus Zach Hyman in Canadiens zone.
5:55 of 1st period - Shot by Hunter Shinkaruk.
5:55 of 1st period - Shot Misses the Net.
5:57 of 1st period - Shot by Brett Connolly.
5:57 of 1st period - Shot Misses the Net.
5:59 of 1st period - Shot by Cody Franson.
5:59 of 1st period - Deflect By Zach Hyman.
5:59 of 1st period - Stopped by Cam Talbot with a rebound.
6:01 of 1st period - Shot by Cody Franson.
6:01 of 1st period - Shot Blocked by Nate Schmidt.
6:03 of 1st period - Shot by Zach Hyman.
6:03 of 1st period - Shot Misses the Net.
6:12 of 1st period - Shot by Zach Hyman.
6:12 of 1st period - Stopped by Cam Talbot without a rebound.
6:13 of 1st period - Nick Shore wins face-off versus Kyle Turris in Canadiens zone.
6:13 of 1st period - Zack Smith is hit by Brandon Saad and loses puck.
6:24 of 1st period - Shot by Nick Shore.
6:24 of 1st period - Shot Blocked by Tyler Myers.
6:26 of 1st period - Shot by Justin Abdelkader.
6:26 of 1st period - Stopped by Thomas Greiss with a rebound.
6:46 of 1st period - Shot by Justin Abdelkader.
6:46 of 1st period - Stopped by Thomas Greiss without a rebound.
6:47 of 1st period - Ryan Nugent-Hopkins wins face-off versus Auston Matthews in Sabres zone.
7:12 of 1st period - Shot by Jakob Silfverberg.
7:12 of 1st period - Stopped by Thomas Greiss with a rebound.
7:14 of 1st period - Shot by Ivan Provorov.
7:14 of 1st period - Stopped by Thomas Greiss with a rebound.
7:28 of 1st period - Ian Cole is hit by Ryan Nugent-Hopkins and loses puck.
8:20 of 1st period - Thomas Vanek is hit by Josh Morrissey and loses puck.
8:54 of 1st period - Icing by Cam Fowler.
8:55 of 1st period - Mike Ribeiro wins face-off versus Kyle Turris in Canadiens zone.
8:59 of 1st period - Icing by Josh Bailey.
9:00 of 1st period - Kyle Turris wins face-off versus Mike Ribeiro in Canadiens zone.
9:21 of 1st period - Shot by Josh Bailey.
9:21 of 1st period - Stopped by Thomas Greiss without a rebound.
9:22 of 1st period - Jordan Eberle wins face-off versus Zach Hyman in Sabres zone.
10:35 of 1st period - Adam Pelech is hit by John Tavares and loses puck.
11:06 of 1st period - Jason Zucker is hit by John Tavares and loses puck.
11:30 of 1st period - Off-side.
11:31 of 1st period - Bo Horvat wins face-off versus Mike Ribeiro in neutral zone.
11:37 of 1st period - Anders Lee is hit by Nate Schmidt and loses puck.
11:46 of 1st period - Shot by Bo Horvat.
11:46 of 1st period - Stopped by Cam Talbot with a rebound.
11:48 of 1st period - Shot by Thomas Vanek.
11:48 of 1st period - Shot Blocked by Josh Morrissey.
11:52 of 1st period - Shot by Bo Horvat.
11:52 of 1st period - Shot Hit the Post.
11:54 of 1st period - Shot by Bo Horvat.
11:54 of 1st period - Shot Misses the Net.
11:56 of 1st period - Shot by Anders Lee.
11:56 of 1st period - Stopped by Cam Talbot without a rebound.
11:57 of 1st period - Nick Shore wins face-off versus Zach Hyman in Canadiens zone.
12:08 of 1st period - Shot by Zack Smith.
12:08 of 1st period - Stopped by Thomas Greiss without a rebound.
12:09 of 1st period - Auston Matthews wins face-off versus Ryan Nugent-Hopkins in Sabres zone.
12:34 of 1st period - Shot by Jason Zucker.
12:34 of 1st period - Stopped by Cam Talbot without a rebound.
12:35 of 1st period - John Tavares wins face-off versus Kyle Turris in Canadiens zone.
12:35 of 1st period - John Tavares is hit by Brandon Saad.
12:57 of 1st period - Shot by Kyle Turris.
12:57 of 1st period - Stopped by Cam Talbot without a rebound.
12:58 of 1st period - Bo Horvat wins face-off versus Auston Matthews in Canadiens zone.
13:00 of 1st period - Anders Lee is hit by Adam Larsson and loses puck.
13:31 of 1st period - Shot by Auston Matthews.
13:31 of 1st period - Shot Blocked by Adam Pelech.
13:33 of 1st period - Shot by Cam Fowler.
13:33 of 1st period - Shot Misses the Net.
13:39 of 1st period - Shot by Auston Matthews.
13:39 of 1st period - Stopped by Thomas Greiss with a rebound.
13:53 of 1st period - Shot by John Tavares.
13:53 of 1st period - Shot Misses the Net.
14:03 of 1st period - Shot by John Tavares.
14:03 of 1st period - Stopped by Thomas Greiss without a rebound.
14:04 of 1st period - Kyle Turris wins face-off versus Mike Ribeiro in Sabres zone.
14:16 of 1st period - Off-side.
14:17 of 1st period - John Tavares wins face-off versus Ryan Nugent-Hopkins in neutral zone.
14:43 of 1st period - Icing by Ryan Nugent-Hopkins.
14:44 of 1st period - Auston Matthews wins face-off versus Ryan Nugent-Hopkins in Sabres zone.
15:08 of 1st period - Minor Penalty to Nino Niederreiter for High sticking.
15:09 of 1st period - Bo Horvat wins face-off versus John Tavares in Sabres zone.
15:09 of 1st period - Bo Horvat is hit by Gustav Nyquist.
15:21 of 1st period - Shot by John Tavares.
15:21 of 1st period - Shot Misses the Net.
15:23 of 1st period - Shot by Cam Fowler.
15:23 of 1st period - Shot Blocked by Brandon Saad.
15:25 of 1st period - Shot by Ivan Provorov.
15:25 of 1st period - Shot Blocked by Dan Girardi.
15:27 of 1st period - Shot by Auston Matthews.
15:27 of 1st period - Shot Misses the Net.
15:37 of 1st period - Shot by Auston Matthews.
15:37 of 1st period - Stopped by Thomas Greiss with a rebound.
15:39 of 1st period - Shot by Ivan Provorov.
15:39 of 1st period - Shot Misses the Net.
15:41 of 1st period - Shot by Ivan Provorov.
15:41 of 1st period - Shot Misses the Net.
16:13 of 1st period - Shot by Jakob Silfverberg.
16:13 of 1st period - Stopped by Thomas Greiss without a rebound.
16:14 of 1st period - Bo Horvat wins face-off versus Jordan Eberle in Sabres zone.
16:23 of 1st period - Shot by Jason Zucker.
16:23 of 1st period - Stopped by Cam Talbot without a rebound.
16:24 of 1st period - John Tavares wins face-off versus Bo Horvat in Canadiens zone.
16:24 of 1st period - John Tavares is hit by Jason Zucker.
16:34 of 1st period - Shot by Ivan Provorov.
16:34 of 1st period - Deflect By Auston Matthews.
16:34 of 1st period - Stopped by Thomas Greiss without a rebound.
16:35 of 1st period - Bo Horvat wins face-off versus Mike Ribeiro in Sabres zone.
16:35 of 1st period - Jason Zucker is hit by Mike Ribeiro and loses puck.
16:54 of 1st period - Shot by Jakob Silfverberg.
16:54 of 1st period - Shot Misses the Net.
16:56 of 1st period - Shot by Adam Larsson.
16:56 of 1st period - Shot Blocked by Tyler Myers.
17:10 of 1st period - Shot by John Tavares.
17:10 of 1st period - Stopped by Thomas Greiss without a rebound.
17:11 of 1st period - Kyle Turris wins face-off versus Gustav Nyquist in Sabres zone.
17:11 of 1st period - Kyle Turris is hit by Gustav Nyquist.
17:25 of 1st period - Shot by Teuvo Teravainen.
17:25 of 1st period - Shot Misses the Net.
17:27 of 1st period - Shot by John Tavares.
17:27 of 1st period - Stopped by Thomas Greiss with a rebound.
18:01 of 1st period - Icing by Nino Niederreiter.
18:02 of 1st period - Auston Matthews wins face-off versus Brandon Saad in Sabres zone.
18:06 of 1st period - Shot by Cam Fowler.
18:06 of 1st period - Shot Blocked by Mathew Dumba.
18:34 of 1st period - Shot by Jordan Eberle.
18:34 of 1st period - Shot Misses the Net.
19:08 of 1st period - Cam Fowler is hit by Patrick Eaves.
19:12 of 1st period - Cody Franson is hit by Jordan Eberle and loses puck.
19:30 of 1st period - Icing by Ryan Nugent-Hopkins.
19:31 of 1st period - Ryan Nugent-Hopkins wins face-off versus John Tavares in Sabres zone.
19:50 of 1st period - Shot by John Tavares.
19:50 of 1st period - Stopped by Thomas Greiss with a rebound.
19:52 of 1st period - Shot by Ivan Provorov.
19:52 of 1st period - Stopped by Thomas Greiss without a rebound.
19:53 of 1st period - Mike Ribeiro wins face-off versus Bo Horvat in Sabres zone.
Goals for this period are 0 for Sabres vs 0 for Canadiens.
Shots for this period are 10 for Sabres vs 16 for Canadiens.

2nd period


0:01 of 2nd period - Kyle Turris wins face-off versus John Tavares in neutral zone.
0:01 of 2nd period - Tyler Myers is hit by John Tavares.
0:04 of 2nd period - Icing by John Tavares.
0:05 of 2nd period - Kyle Turris wins face-off versus Gustav Nyquist in Canadiens zone.
0:05 of 2nd period - Kyle Turris is hit by Ian Cole.
0:19 of 2nd period - Shot by Gustav Nyquist.
0:19 of 2nd period - Stopped by Thomas Greiss without a rebound.
0:20 of 2nd period - Auston Matthews wins face-off versus Bo Horvat in Sabres zone.
0:27 of 2nd period - Shot by Jakob Silfverberg.
0:27 of 2nd period - Stopped by Thomas Greiss with a rebound.
0:29 of 2nd period - Shot by Auston Matthews.
0:29 of 2nd period - Stopped by Thomas Greiss with a rebound.
0:47 of 2nd period - Shot by Jordan Eberle.
0:47 of 2nd period - Stopped by Thomas Greiss without a rebound.
0:48 of 2nd period - John Tavares wins face-off versus Brandon Saad in Sabres zone.
1:19 of 2nd period - Shot by Teuvo Teravainen.
1:19 of 2nd period - Shot Misses the Net.
2:08 of 2nd period - Shot by Mike Ribeiro.
2:08 of 2nd period - Shot Misses the Net.
3:01 of 2nd period - Icing by Nate Schmidt.
3:02 of 2nd period - Auston Matthews wins face-off versus Zach Hyman in Canadiens zone.
3:15 of 2nd period - Shot by Jordan Eberle.
3:15 of 2nd period - Deflect By Auston Matthews.
3:15 of 2nd period - Shot Misses the Net.
3:17 of 2nd period - Shot by Jakob Silfverberg.
3:17 of 2nd period - Stopped by Thomas Greiss without a rebound.
3:18 of 2nd period - Kyle Turris wins face-off versus Nick Shore in Sabres zone.
3:29 of 2nd period - Shot by Kyle Turris.
3:29 of 2nd period - Stopped by Cam Talbot with a rebound.
3:41 of 2nd period - Shot by Brandon Saad.
3:41 of 2nd period - Stopped by Cam Talbot with a rebound.
3:43 of 2nd period - Shot by Tyler Myers.
3:43 of 2nd period - Shot Misses the Net.
3:45 of 2nd period - Shot by Kyle Turris.
3:45 of 2nd period - Stopped by Cam Talbot without a rebound.
3:46 of 2nd period - Gustav Nyquist wins face-off versus Bo Horvat in Canadiens zone.
3:46 of 2nd period - Gustav Nyquist is hit by Anders Lee.
3:55 of 2nd period - Cam Fowler is hit by Mathew Dumba and loses puck.
4:01 of 2nd period - Icing by Jake McCabe.
4:02 of 2nd period - Bo Horvat wins face-off versus Jordan Eberle in Sabres zone.
4:15 of 2nd period - Shot by Anders Lee.
4:15 of 2nd period - Shot Misses the Net.
4:17 of 2nd period - Shot by Bo Horvat.
4:17 of 2nd period - Stopped by Cam Talbot without a rebound.
4:18 of 2nd period - Kyle Turris wins face-off versus John Tavares in Canadiens zone.
4:19 of 2nd period - Shot by Brandon Saad.
4:19 of 2nd period - Shot Misses the Net.
4:37 of 2nd period - Shot by Gustav Nyquist.
4:37 of 2nd period - Shot Hit the Post.
4:39 of 2nd period - Shot by Ivan Provorov.
4:39 of 2nd period - Stopped by Thomas Greiss without a rebound.
4:40 of 2nd period - Auston Matthews wins face-off versus Ryan Nugent-Hopkins in Sabres zone.
4:45 of 2nd period - Shot by Jordan Eberle.
4:45 of 2nd period - Shot Misses the Net.
5:05 of 2nd period - Shot by Jordan Eberle.
5:05 of 2nd period - Goal by Jordan Eberle - Sabres : 0 - Canadiens : 1.
5:06 of 2nd period - Kyle Turris wins face-off versus John Tavares in neutral zone.
5:39 of 2nd period - Shot by Brandon Saad.
5:39 of 2nd period - Stopped by Cam Talbot without a rebound.
5:40 of 2nd period - Mike Ribeiro wins face-off versus Bo Horvat in Canadiens zone.
6:05 of 2nd period - Shot by Bo Horvat.
6:05 of 2nd period - Shot Misses the Net.
6:37 of 2nd period - Shot by Jakob Silfverberg.
6:37 of 2nd period - Stopped by Thomas Greiss without a rebound.
6:38 of 2nd period - John Tavares wins face-off versus Kyle Turris in Sabres zone.
6:44 of 2nd period - Brandon Saad is hit by Ivan Provorov and loses puck.
7:06 of 2nd period - Shot by Kyle Turris.
7:06 of 2nd period - Shot Misses the Net.
7:08 of 2nd period - Shot by Mathew Dumba.
7:08 of 2nd period - Goal by Mathew Dumba - Sabres : 1 - Canadiens : 1.
7:09 of 2nd period - Ryan Nugent-Hopkins wins face-off versus Auston Matthews in neutral zone.
7:17 of 2nd period - Shot by Patrick Eaves.
7:17 of 2nd period - Shot Blocked by Nate Schmidt.
7:19 of 2nd period - Shot by Patrick Eaves.
7:19 of 2nd period - Shot Misses the Net.
7:21 of 2nd period - Shot by Adam Pelech.
7:21 of 2nd period - Shot Misses the Net.
7:23 of 2nd period - Shot by Adam Pelech.
7:23 of 2nd period - Shot Misses the Net.
7:25 of 2nd period - Shot by Cody Franson.
7:25 of 2nd period - Shot Blocked by Nate Schmidt.
8:40 of 2nd period - Icing by Nino Niederreiter.
8:41 of 2nd period - John Tavares wins face-off versus Kyle Turris in Sabres zone.
9:15 of 2nd period - Off-side.
9:16 of 2nd period - Bo Horvat wins face-off versus Auston Matthews in neutral zone.
9:32 of 2nd period - Shot by Auston Matthews.
9:32 of 2nd period - Stopped by Thomas Greiss without a rebound.
9:32 of 2nd period - Minor Penalty to Jake McCabe for Holding.
9:33 of 2nd period - Bo Horvat wins face-off versus Mike Ribeiro in Sabres zone.
9:43 of 2nd period - Off-side.
9:44 of 2nd period - John Tavares wins face-off versus Bo Horvat in neutral zone.
9:47 of 2nd period - Minor Penalty to Auston Matthews for High sticking.
9:48 of 2nd period - John Tavares wins face-off versus Bo Horvat in Canadiens zone.
9:48 of 2nd period - John Tavares is hit by Bo Horvat.
9:55 of 2nd period - Ivan Provorov is hit by Tyler Myers and loses puck.
10:12 of 2nd period - Shot by Brandon Saad.
10:12 of 2nd period - Shot Misses the Net.
10:15 of 2nd period - Icing by Ivan Provorov.
10:16 of 2nd period - John Tavares wins face-off versus Bo Horvat in Canadiens zone.
11:10 of 2nd period - Shot by Jordan Eberle.
11:10 of 2nd period - Shot Misses the Net.
11:12 of 2nd period - Shot by Josh Morrissey.
11:12 of 2nd period - Stopped by Thomas Greiss with a rebound.
11:42 of 2nd period - Shot by Zack Smith.
11:42 of 2nd period - Stopped by Thomas Greiss without a rebound.
11:43 of 2nd period - Kyle Turris wins face-off versus Zack Smith in Sabres zone.
11:43 of 2nd period - Kyle Turris is hit by Zack Smith.
12:04 of 2nd period - Icing by Ian Cole.
12:05 of 2nd period - Ryan Nugent-Hopkins wins face-off versus Mike Ribeiro in Canadiens zone.
12:24 of 2nd period - Shot by Artturi Lehkonen.
12:24 of 2nd period - Shot Blocked by Cody Franson.
12:26 of 2nd period - Shot by Josh Bailey.
12:26 of 2nd period - Stopped by Thomas Greiss with a rebound.
12:36 of 2nd period - Shot by Auston Matthews.
12:36 of 2nd period - Shot Misses the Net.
12:50 of 2nd period - Shot by Auston Matthews.
12:50 of 2nd period - Stopped by Thomas Greiss without a rebound.
12:51 of 2nd period - Brandon Saad wins face-off versus Gustav Nyquist in Sabres zone.
13:26 of 2nd period - Shot by John Tavares.
13:26 of 2nd period - Shot Misses the Net.
13:44 of 2nd period - Shot by Auston Matthews.
13:44 of 2nd period - Shot Misses the Net.
13:46 of 2nd period - Shot by Auston Matthews.
13:46 of 2nd period - Stopped by Thomas Greiss without a rebound.
13:47 of 2nd period - Mike Ribeiro wins face-off versus Bo Horvat in Sabres zone.
13:50 of 2nd period - Shot by Artturi Lehkonen.
13:50 of 2nd period - Shot Misses the Net.
14:09 of 2nd period - Thomas Vanek is hit by Artturi Lehkonen and loses puck.
15:05 of 2nd period - Ryan Nugent-Hopkins is hit by Ivan Provorov and loses puck.
15:28 of 2nd period - Shot by Brett Connolly.
15:28 of 2nd period - Stopped by Cam Talbot without a rebound.
15:29 of 2nd period - John Tavares wins face-off versus Kyle Turris in Canadiens zone.
15:41 of 2nd period - Icing by Jake McCabe.
15:42 of 2nd period - Kyle Turris wins face-off versus Zack Smith in Sabres zone.
15:56 of 2nd period - Shot by Nino Niederreiter.
15:56 of 2nd period - Stopped by Cam Talbot with a rebound.
15:58 of 2nd period - Shot by Kyle Turris.
15:58 of 2nd period - Stopped by Cam Talbot without a rebound.
15:59 of 2nd period - John Tavares wins face-off versus Bo Horvat in Canadiens zone.
16:15 of 2nd period - Gustav Nyquist is hit by Tyler Myers and loses puck.
16:20 of 2nd period - Shot by John Tavares.
16:20 of 2nd period - Deflect By Teuvo Teravainen.
16:20 of 2nd period - Stopped by Thomas Greiss without a rebound.
16:21 of 2nd period - Mike Ribeiro wins face-off versus Ryan Nugent-Hopkins in Sabres zone.
16:24 of 2nd period - Shot by Josh Bailey.
16:24 of 2nd period - Shot Misses the Net.
16:28 of 2nd period - Shot by Artturi Lehkonen.
16:28 of 2nd period - Stopped by Thomas Greiss with a rebound.
16:30 of 2nd period - Shot by Cam Fowler.
16:30 of 2nd period - Stopped by Thomas Greiss with a rebound.
16:58 of 2nd period - Shot by Josh Bailey.
16:58 of 2nd period - Shot Misses the Net.
17:22 of 2nd period - Shot by Jordan Eberle.
17:22 of 2nd period - Shot Misses the Net.
17:24 of 2nd period - Shot by Auston Matthews.
17:24 of 2nd period - Shot Misses the Net.
17:26 of 2nd period - Shot by Jordan Eberle.
17:26 of 2nd period - Shot Blocked by Cody Franson.
17:28 of 2nd period - Shot by Jakob Silfverberg.
17:28 of 2nd period - Stopped by Thomas Greiss without a rebound.
17:29 of 2nd period - John Tavares wins face-off versus Brandon Saad in Sabres zone.
17:44 of 2nd period - Shot by John Tavares.
17:44 of 2nd period - Stopped by Thomas Greiss without a rebound.
17:45 of 2nd period - Auston Matthews wins face-off versus Bo Horvat in Sabres zone.
17:56 of 2nd period - Shot by Auston Matthews.
17:56 of 2nd period - Stopped by Thomas Greiss without a rebound.
17:57 of 2nd period - Kyle Turris wins face-off versus John Tavares in Sabres zone.
17:57 of 2nd period - Kyle Turris is hit by Teuvo Teravainen.
18:36 of 2nd period - Shot by Kyle Turris.
18:36 of 2nd period - Stopped by Cam Talbot without a rebound.
18:37 of 2nd period - Bo Horvat wins face-off versus Auston Matthews in Canadiens zone.
18:40 of 2nd period - Shot by Thomas Vanek.
18:40 of 2nd period - Shot Misses the Net.
19:02 of 2nd period - Shot by Auston Matthews.
19:02 of 2nd period - Shot Misses the Net.
19:26 of 2nd period - Thomas Vanek is hit by Auston Matthews and loses puck.
19:34 of 2nd period - Icing by Thomas Vanek.
19:35 of 2nd period - Nick Shore wins face-off versus Thomas Vanek in Sabres zone.
19:35 of 2nd period - Nick Shore is hit by Mathew Dumba.
Goals for this period are 1 for Sabres vs 1 for Canadiens.
Shots for this period are 10 for Sabres vs 20 for Canadiens.

3rd period


0:01 of 3rd period - John Tavares wins face-off versus Kyle Turris in neutral zone.
0:16 of 3rd period - Shot by Brandon Saad.
0:16 of 3rd period - Shot Misses the Net.
0:18 of 3rd period - Shot by Tyler Myers.
0:18 of 3rd period - Stopped by Cam Talbot without a rebound.
0:19 of 3rd period - Auston Matthews wins face-off versus Bo Horvat in Canadiens zone.
0:41 of 3rd period - Icing by Mathew Dumba.
0:42 of 3rd period - Teuvo Teravainen wins face-off versus Bo Horvat in Sabres zone.
0:49 of 3rd period - Shot by Thomas Vanek.
0:49 of 3rd period - Deflect By Bo Horvat.
0:49 of 3rd period - Shot Misses the Net.
1:00 of 3rd period - John Tavares is hit by Mathew Dumba.
1:26 of 3rd period - Shot by Kyle Turris.
1:26 of 3rd period - Shot Blocked by Ivan Provorov.
1:28 of 3rd period - Shot by Tyler Myers.
1:28 of 3rd period - Shot Blocked by John Tavares.
1:30 of 3rd period - Shot by Tyler Myers.
1:30 of 3rd period - Shot Misses the Net.
1:57 of 3rd period - Icing by Cam Fowler.
1:58 of 3rd period - Auston Matthews wins face-off versus Ryan Nugent-Hopkins in Canadiens zone.
2:34 of 3rd period - Shot by Ryan Nugent-Hopkins.
2:34 of 3rd period - Shot Blocked by Auston Matthews.
5:16 of 3rd period - Adam Pelech is hit by Jordan Eberle and loses puck.
6:42 of 3rd period - Shot by Brett Connolly.
6:42 of 3rd period - Stopped by Cam Talbot without a rebound.
6:43 of 3rd period - John Tavares wins face-off versus Nino Niederreiter in Canadiens zone.
7:22 of 3rd period - Shot by John Tavares.
7:22 of 3rd period - Stopped by Thomas Greiss without a rebound.
7:23 of 3rd period - Auston Matthews wins face-off versus Ryan Nugent-Hopkins in Sabres zone.
7:32 of 3rd period - Shot by Auston Matthews.
7:32 of 3rd period - Stopped by Thomas Greiss without a rebound.
7:33 of 3rd period - Nick Shore wins face-off versus Zach Hyman in Sabres zone.
7:36 of 3rd period - Shot by Zack Smith.
7:36 of 3rd period - Shot Misses the Net.
7:42 of 3rd period - Shot by Zack Smith.
7:42 of 3rd period - Stopped by Thomas Greiss without a rebound.
7:43 of 3rd period - Bo Horvat wins face-off versus Auston Matthews in Sabres zone.
7:43 of 3rd period - Bo Horvat is hit by Auston Matthews.
7:50 of 3rd period - Minor Penalty to Cody Franson for Hooking.
7:51 of 3rd period - John Tavares wins face-off versus Bo Horvat in Sabres zone.
7:56 of 3rd period - Shot by Gustav Nyquist.
7:56 of 3rd period - Shot Misses the Net.
8:06 of 3rd period - Shot by Jason Zucker.
8:06 of 3rd period - Stopped by Cam Talbot without a rebound.
8:07 of 3rd period - Mike Ribeiro wins face-off versus Bo Horvat in Canadiens zone.
8:07 of 3rd period - Mike Ribeiro is hit by Bo Horvat.
10:05 of 3rd period - Shot by Zack Smith.
10:05 of 3rd period - Shot Misses the Net.
10:07 of 3rd period - Shot by Josh Morrissey.
10:07 of 3rd period - Shot Misses the Net.
10:17 of 3rd period - Shot by Justin Abdelkader.
10:17 of 3rd period - Shot Misses the Net.
10:19 of 3rd period - Shot by Nick Shore.
10:19 of 3rd period - Stopped by Thomas Greiss without a rebound.
10:20 of 3rd period - Kyle Turris wins face-off versus Mike Ribeiro in Sabres zone.
10:24 of 3rd period - Icing by Brandon Saad.
10:25 of 3rd period - Kyle Turris wins face-off versus Mike Ribeiro in Sabres zone.
10:36 of 3rd period - Shot by Kyle Turris.
10:36 of 3rd period - Shot Blocked by Ivan Provorov.
10:44 of 3rd period - Shot by Kyle Turris.
10:44 of 3rd period - Shot Blocked by Josh Bailey.
10:45 of 3rd period - Minor Penalty to Nino Niederreiter for Hooking.
10:46 of 3rd period - John Tavares wins face-off versus Bo Horvat in Sabres zone.
11:57 of 3rd period - Shot by Cam Fowler.
11:57 of 3rd period - Stopped by Thomas Greiss without a rebound.
11:58 of 3rd period - Ryan Nugent-Hopkins wins face-off versus John Tavares in Sabres zone.
13:01 of 3rd period - Zack Smith is hit by Cody Franson and loses puck.
13:52 of 3rd period - Shot by Brett Connolly.
13:52 of 3rd period - Stopped by Cam Talbot without a rebound.
13:53 of 3rd period - Auston Matthews wins face-off versus Bo Horvat in Canadiens zone.
13:57 of 3rd period - Minor Penalty to Mathew Dumba for Tripping.
13:58 of 3rd period - Auston Matthews wins face-off versus Bo Horvat in Sabres zone.
14:53 of 3rd period - Shot by Jordan Eberle.
14:53 of 3rd period - Shot Misses the Net.
15:39 of 3rd period - Shot by Auston Matthews.
15:39 of 3rd period - Shot Misses the Net.
15:59 of 3rd period - Shot by Jordan Eberle.
15:59 of 3rd period - Stopped by Thomas Greiss without a rebound.
16:00 of 3rd period - Nick Shore wins face-off versus Kyle Turris in Sabres zone.
16:04 of 3rd period - Icing by Mathew Dumba.
16:05 of 3rd period - Kyle Turris wins face-off versus Nick Shore in Sabres zone.
16:10 of 3rd period - Shot by Mathew Dumba.
16:10 of 3rd period - Stopped by Cam Talbot with a rebound.
16:15 of 3rd period - Off-side.
16:16 of 3rd period - Hunter Shinkaruk wins face-off versus Mike Ribeiro in neutral zone.
16:24 of 3rd period - Dan Girardi is hit by Artturi Lehkonen and loses puck.
16:30 of 3rd period - Minor Penalty to Artturi Lehkonen for Goalie Interference.
16:31 of 3rd period - Kyle Turris wins face-off versus Zack Smith in Canadiens zone.
16:54 of 3rd period - Shot by Josh Bailey.
16:54 of 3rd period - Goal by Josh Bailey - Sabres : 1 - Canadiens : 2.
16:55 of 3rd period - Bo Horvat wins face-off versus Nick Shore in neutral zone.
17:50 of 3rd period - Shot by Brandon Saad.
17:50 of 3rd period - Stopped by Cam Talbot without a rebound.
17:51 of 3rd period - Kyle Turris wins face-off versus Nick Shore in Canadiens zone.
18:52 of 3rd period - Shot by John Tavares.
18:52 of 3rd period - Shot Misses the Net.
18:56 of 3rd period - Shot by John Tavares.
18:56 of 3rd period - Stopped by Thomas Greiss with a rebound.
18:58 of 3rd period - Shot by John Tavares.
18:58 of 3rd period - Stopped by Thomas Greiss without a rebound.
18:59 of 3rd period - Auston Matthews wins face-off versus Bo Horvat in Sabres zone.
18:59 of 3rd period - Jakob Silfverberg is hit by Tyler Myers and loses puck.
19:10 of 3rd period - Bo Horvat is hit by Jakob Silfverberg and loses puck.
19:24 of 3rd period - Sabres, Thomas Greiss is pulled from the net.
Goals for this period are 0 for Sabres vs 1 for Canadiens.
Shots for this period are 6 for Sabres vs 9 for Canadiens.